 Dungeon Crawl Stone Soup version 0.17-a0-1646-geb1493d (webtiles) character file.

37 maniek23 the Poker (level 3, 0/30 HPs)
             Began as a Merfolk Chaos Knight on Aug 9, 2015.
             Slain by a quokka (7 damage)
             ... on level 2 of the Dungeon.
             The game lasted 00:01:33 (619 turns).

maniek23 the Poker (Merfolk Chaos Knight)            Turns: 619, Time: 00:01:33

Health: 0/30       AC:  5    Str: 12    XL:     3   Next: 39%
Magic:  3/3        EV: 12    Int: 11    God:    Xom [..*...]
Gold:   31         SH:  0    Dex: 14    Spells: 0 memorised, 2 levels left

rFire  . . .     SeeInvis .     a - +0 spear (chaos)
rCold  . . .     Clarity  .     b - +2 leather armour
rNeg   . . .     SustAt   .     (no shield)
rPois  .         Gourm    .     (no helmet)
rElec  .         Spirit   .     (no cloak)
rCorr  +         Warding  .     (no gloves)
rMut   .         Stasis   .     (no boots)
MR     .....                    l - amulet of resist corrosion
Stlth  +.........               (no ring)
                                (no ring)

@: not resistant to hostile enchantments, very unstealthy
A: change form in water, swift swim
a: Renounce Religion


You were on level 2 of the Dungeon.
You worshipped Xom.
You were a toy of Xom.
You were not hungry.

You visited 1 branch of the dungeon, and saw 2 of its levels.

You collected 31 gold pieces.

Inventory:

Hand weapons
 a - a +0 spear of chaos (weapon)
Armour
 b - a +2 leather armour (worn)
 e - a cursed -2 robe
Jewellery
 l - an amulet of resist corrosion (around neck)
Scrolls
 d - 2 scrolls of enchant armour {unknown}
 g - a scroll of noise {unknown}
 h - 2 scrolls of identify {unknown}
 i - a scroll of blinking {unknown}
 m - a scroll of teleportation {unknown}
 o - a scroll of remove curse {unknown}
 q - a scroll of recharging {unknown}
Potions
 j - 2 potions of flight {unknown}
 p - a potion of lignification {unknown}
 r - a potion of brilliance {unknown}
Comestibles
 c - a bread ration
 f - 2 beef jerkies
 k - a meat ration
 n - 2 chunks of flesh


   Skills:
 + Level 4.0 Fighting
 + Level 5.4 Polearms
 - Level 0.6 Armour
 - Level 2.9 Dodging


You had 2 spell levels left.
You didn't know any spells.

Dungeon Overview and Level Annotations

Branches:
Dungeon (2/15)

Altars:


Message History

Found a scroll labeled GECECU CIYSHY.
You barely miss the quokka. The quokka bites you.
You closely miss the quokka. The quokka barely misses you.
You barely miss the quokka. The quokka bites you.
You barely miss the quokka. The quokka closely misses you.
You barely miss the quokka. The quokka bites you.
You hit the quokka but do no damage.
The quokka goes berserk!
Xom thinks this is hilarious!
The quokka bites you! The quokka closely misses you.
You barely miss the quokka. The quokka closely misses you.
You hit the quokka but do no damage. The quokka misses you.
The quokka bites you.
You hit the quokka.
The quokka is poisoned.
The quokka is heavily wounded.
The quokka bites you.
* * * LOW HITPOINT WARNING * * *
The quokka barely misses you. The quokka bites you!
You die... "Huh?
Did I miss anything?"

### ..# ..# ..# ..#
..###################
................@r..###.#
..################.....?#
..# #..##### ..# #...#
..# #..... ### ###....
..... ...... ..... #.....
..... ..?..


You could see a quokka (berserk).

Vanquished Creatures
  2 adders (D:2)
  A bat (D:1)
  A giant cockroach (D:1)
  4 goblins
  3 hobgoblins
  A giant newt (D:1)
  2 kobolds (D:1)
  3 rats
17 creatures vanquished.

Vanquished Creatures (others)
  A giant cockroach (D:1)
1 creature vanquished.

Grand Total: 18 creatures vanquished

Notes
Turn   | Place    | Note
--------------------------------------------------------------
     0 | D:1      | maniek23 the Merfolk Chaos Knight began the quest for the Orb.
     0 | D:1      | Reached XP level 1. HP: 18/18 MP: 1/1
    23 | D:1      | XOM: potion effect (haste)
    88 | D:1      | XOM: divination: detect items
   118 | D:1      | XOM: silly message
   195 | D:1      | Reached XP level 2. HP: 21/24 MP: 2/2
   223 | D:1      | XOM: silly message
   414 | D:1      | XOM: harmless Trmt miscast
   482 | D:2      | Reached skill level 5 in Polearms
   500 | D:2      | Reached XP level 3. HP: 27/30 MP: 3/3
   619 | D:2      | Slain by a quokka

Vault maps used:
D:1:      saegor_arrival_simple_a, hangedman_decor_lopped
D:2:      lemuel_crystal_altar, first_bread

Action                   || total
-------------------------++-------
Melee: Spear             ||    63
 Stab: Petrifying        ||     1
